AoeStats
← Goku_San

Fortress

509394672Analyzed
4v4 RM · 6d ago on Sep 26, 2026· 29m 17s· 8 players
Game mode
Random Map
Map size
Huge
Population
200
Speed
Normal
Resources
Standard
Victory
Conquest
Starting age
Dark Age
Ending age
Imperial Age
RankedLock teamsTeams togetherTeam positionsShared explorationLock speedFull tech treeHidden civsTurbo modeCheats
Victory
Defeat
🇬🇧 Persians · United Kingdom
1357
+13
🇭🇰 Ethiopians · Hong Kong SAR China
1321
+14
🇨🇳 Cumans · China
1303
+15
🇨🇳 Celts · China
1276
+16
🇧🇷 Spanish · Brazil
1400
-20
🇮🇱 Mongols · Israel
1279
-14
🇫🇷 Gurjaras · France
1276
-14
🇨🇳 Portuguese · China
1177
-10
Luca
8:16 Feudal Age
9:24 Double-Bit Axe
11:48 Castle Age
9:38 Horse Collar
13:37 Loom
13:38 Town Watch
15:05 Wheelbarrow
14:44 Bow Saw
17:40 Heavy Plow
19:25 Husbandry
19:54 Gold Mining
21:09 Scale Barding Armor
23:39 Gold Shaft Mining
25:46 Imperial Age
23:50 Bloodlines
24:03 Forging
25:03 Chain Barding Armor
25:44 Cavalier
27:09 Plate Barding Armor
28:52 Hand Cart
30:05 Iron Casting
29:20 Fletching
29:45 Caravan
lebron
7:14 Feudal Age
10:50 Castle Age
8:55 Double-Bit Axe
8:54 Horse Collar
9:41 Gold Mining
12:02 Bow Saw
12:33 Gold Shaft Mining
12:28 Heavy Plow
14:59 Fletching
15:08 Loom
15:15 Crossbowman
18:39 Ballistics
19:21 Forging
19:09 Bodkin Arrow
20:22 Padded Archer Armor
21:34 Wheelbarrow
23:10 Leather Archer Armor
27:15 Thumb Ring
28:13 Town Watch
28:46 Hand Cart
28:54 Elite Skirmisher
73624617386501790
7:35 Feudal Age
8:09 Double-Bit Axe
11:37 Castle Age
9:41 Horse Collar
12:28 Bow Saw
12:21 Heavy Plow
16:53 Scale Mail Armor
22:34 Forging
28:25 Loom
29:21 Wheelbarrow
axjhbl90
7:47 Feudal Age
11:58 Castle Age
11:36 Wheelbarrow
11:04 Double-Bit Axe
14:44 Bow Saw
17:56 Gold Mining
18:25 Scale Barding Armor
19:40 Bloodlines
20:39 Horse Collar
22:02 Chain Barding Armor
23:01 Forging
23:55 Heavy Plow
23:57 Loom
25:29 Gold Shaft Mining
25:14 Hand Cart
29:30 Imperial Age
28:07 Iron Casting
Dunha
7:40 Feudal Age
11:25 Castle Age
9:39 Double-Bit Axe
9:37 Horse Collar
10:03 Gold Mining
17:35 Husbandry
18:32 Padded Archer Armor
20:06 Bloodlines
20:12 Leather Archer Armor
jawsy_
4:34 Loom
7:57 Feudal Age
12:14 Castle Age
10:53 Horse Collar
11:01 Double-Bit Axe
14:13 Bow Saw
14:05 Heavy Plow
rower56
12:24 Feudal Age
14:55 Double-Bit Axe
14:53 Horse Collar
18:03 Castle Age
16:02 Gold Mining
16:28 Stone Mining
22:44 Imperial Age
21:37 Bow Saw
25:48 Elite Organ Gun
26:48 Conscription
27:17 Pikeman
28:19 Block Printing
Goku_San
4:30 Loom
6:48 Feudal Age
8:00 Double-Bit Axe
11:31 Castle Age
9:43 Horse Collar
Connection lost

Rejoining the realm…

Still unreachable

The connection could not be restored.

Session expired

The server has moved on; the page needs a fresh start.